cohdb
Replays
Latest Replays
All Replays
Popular Replays
Top Player Replays
Match Explorer
How It Works
Community
CoH3 Stats
Reddit
Sign in to upload your games and track your stats! →
Sign in with Steam
Match 41581660
Unlisted
Match 41581660
Overview
Messages
Build Orders
End
Kradschützen Motorcycle Team
250 Light Carrier
Panzergrenadier Squad
Panzergrenadier Squad
Construct Light Support Kompanie
Combat Half-tracks
Construct Mechanized Kompanie
Assault Mechanized Group
Vehicle Survival Package
8 Rad Armored Car
Marder III Tank Destroyer
2.5-tonne Medical Truck
Selects Armored Support Battlegroup
Selects Superior Fire Drills
Selects Flammpanzer III Medium Tank
Flammpanzer III Medium Tank
wila
LittleFatty233
能力越小 责任越少
[VN]淮城的丽Anh yêu em
maimeng12345
Lava Golem
Pakkazull
EceH4iK
0
0
Comments
sign in to comment!
No comments posted yet!